 Dungeon Crawl Stone Soup version 0.26-a0-844-g3dd439832f (webtiles) character file.

Game seed: 3313486496974843037

2172 stormannnn the Protected (level 9, -2/81 HPs)
             Began as a Minotaur Fighter on Nov 18, 2020.
             Was a Follower of Yredelemnul.
             Killed from afar by a centaur (17 damage)
             ... with a bolt of acid
             ... on level 6 of the Dungeon.
             The game lasted 00:11:41 (5824 turns).

stormannnn the Protected (Minotaur Fighter)         Turns: 5824, Time: 00:11:42

Health: -2/81      AC:  8    Str: 25    XL:     9   Next: 11%
Magic:  0/17       EV:  8    Int:  5    God:    Yredelemnul [*.....]
Gold:   118        SH:  0    Dex:  9    Spells: 8/8 levels left

rFire    + . .     SeeInvis +   a - +0 war axe
rCold    + . .     Faith    .   c - +0 kite shield
rNeg     . . .     Spirit   +   A - +5 scale mail of the Depths {Rampage rF+ SInv}
rPois    .         Reflect  .   (helmet restricted)
rElec    .         Harm     .   w - +1 cloak
rCorr    .         Rampage  +   h - +0 pair of gloves
MR       .....                  (no boots)
Stlth    ..........             n - amulet of guardian spirit
HPRegen  0.23/turn              r - ring of protection from cold
MPRegen  0.15/turn              B - ring of magical power

@: confused, brilliant, corroded, flying
A: retaliatory headbutt, horns 2
a: Animate Remains, Renounce Religion


You were on level 6 of the Dungeon.
You worshipped Yredelemnul.
Yredelemnul was aware of your devotion.
You visited 2 branches of the dungeon, and saw 7 of its levels.

You collected 289 gold pieces.
You spent 171 gold pieces at shops.

Inventory:

Hand Weapons
 a - a +0 war axe (weapon)
 C - the +7 rapier of Instant Death {speed, *Drain MR+ Int+2 SInv}
   (You found it on level 5 of the Dungeon)

   Attacks with this weapon are significantly faster.
   It affects your intelligence (+2).
   It affects your resistance to hostile enchantments.
   It lets you see invisible.
   It causes draining when unequipped.
Armour
 b - a +0 scale mail
 c - a +0 kite shield (worn)
 h - a +0 pair of gloves (worn)
 w - a +1 cloak (worn)
 A - the +5 scale mail of the Depths (worn) {Rampage rF+ SInv}
   (You bought it in a shop on level 4 of the Dungeon)

   It protects you from fire.
   It lets you see invisible.
   It bestows one free step when moving towards enemies.
Jewellery
 k - a cursed -4 ring of evasion {unknown}
 n - an amulet of guardian spirit (around neck)
 r - a ring of protection from cold (left hand)
 B - a ring of magical power (right hand)
Scrolls
 d - a scroll of teleportation {unknown}
 e - 7 scrolls of remove curse
 f - 2 scrolls of random uselessness {unknown}
 g - 3 scrolls of amnesia
 i - 4 scrolls of fear {unknown}
 p - 2 scrolls of enchant armour {unknown}
 s - a scroll of fog {unknown}
 t - a scroll of magic mapping {unknown}
 u - 2 scrolls of enchant weapon {unknown}
 v - a scroll of blinking {unknown}
 y - a scroll of immolation {unknown}
Potions
 j - a potion of lignification {unknown}
 l - 3 potions of haste
 m - a potion of might
 o - 2 potions of brilliance
 q - 2 potions of flight
 x - a potion of ambrosia
 z - a potion of magic {unknown}


   Skills:
 + Level 8.1 Fighting
 + Level 7.6 Axes
 + Level 8.1 Armour
 + Level 8.1 Shields


You had 8 spell levels left.
You didn't know any spells.
Your spell library was empty.

Dungeon Overview and Level Annotations

Branches:
Dungeon (6/15)             Temple (1/1) D:4

Altars:
Ashenzari
Cheibriados
Dithmenos
Gozag
Hepliaklqana
Kikubaaqudgha
Nemelex Xobeh
Qazlal
Ru
Trog
Uskayaw
Vehumet
Wu Jian
Yredelemnul
Zin
The Shining One

Shops:
D:4 [   D:5 (   D:6 !

Annotations:
D:5 2 transporters, pablito's ghost, novice OpTm


Innate Abilities, Weirdness & Mutations

You reflexively headbutt those who attack you in melee.
You have a pair of horns on your head.


Message History

Okay, then.
Okay, then.
It was a potion of flight.
You feel very buoyant.
You fly up into the air.
The centaur shoots an arrow.
The arrow hits you.
* * * LOW HITPOINT WARNING * * *
The centaur shoots an arrow.
The arrow barely misses you.
Press: ? - help, v - describe, . - travel
Here: a centaur, wielding a -3 shortbow, quivering 28 arrows and carrying a wand of acid (5) (fast)
The floor.
Unknown command.
Unknown command.
It was a potion of brilliance.
You feel clever all of a sudden.
The centaur zaps a wand.
The bolt of acid misses you.
It was a potion of ambrosia.
You are confused.
You feel invigorated.
The centaur zaps a wand.
The bolt of acid hits you!!
You die...
Your body rises from the dead as a mindless zombie.

...#...)....#....#.....######'###
#..+...)....#....#......)#.'.....
#..##..##...##...###.#...#.#.....
#†.##..##...##...#....#.♣#.#.....
................(#(...###..##..##
.................(..#####'###..##
#..##............(....##....#....
#..##..###..##........##....#....
...##### ##+##..@#.....##<.##..##
...+ #...#.....##..##..##
..'..c#.........##..##
....#...#.........##..##
#...#####.....##..#...## #..
#.######..'...## . ### #...###'##
##..##..## #####..#.


You could see a centaur (fast).

Vanquished Creatures
  Sigmund (D:5)
  Eustachio (D:6)
  A water moccasin (D:6)
  Purgy (D:4)
  3 ice beasts
  An ogre (D:6)
  A centaur (D:6)
  A big kobold (D:4)
  A bullfrog (D:6)
  2 scorpions
  An iron imp (D:5)
  A jelly (D:6)
  4 hounds
  7 orc wizards
  4 orc priests
  Crazy Yiuf (D:3)
  A gnoll shaman (D:4)
  2 worker ants (D:4)
  A killer bee zombie (D:5)
  2 howler monkey zombies
  11 gnolls
  10 adders
  A white imp (D:5)
  An ooze (D:1)
  An adder zombie (D:6)
  An adder skeleton (D:5)
  2 worms
  2 dart slugs
  7 leopard geckos
  17 orcs
  6 bats
  4 giant cockroaches
  8 goblins
  15 hobgoblins
  13 jackals
  10 kobolds
  2 quokkas (D:3)
  2 ball pythons
  2 frilled lizards
  2 goblin skeletons (D:5)
  A kobold zombie (D:5)
  An orc skeleton (D:5)
  An orc zombie (D:5)
  4 quokka skeletons
  10 rats
171 creatures vanquished.

Vanquished Creatures (others)
  12 plants (D:4)
12 creatures vanquished.

Grand Total: 183 creatures vanquished

Notes
Turn   | Place    | Note
-------+----------+-------------------------------------------
     0 | D:1      | stormannnn the Minotaur Fighter began the quest for the
                  | Orb.
     0 | D:1      | Reached XP level 1. HP: 19/19 MP: 0/0
   170 | D:1      | Reached XP level 2. HP: 25/27 MP: 1/1
   354 | D:1      | Reached XP level 3. HP: 28/33 MP: 2/2
  1026 | D:2      | Reached XP level 4. HP: 19/41 MP: 3/3
  1708 | D:3      | Reached XP level 5. HP: 24/47 MP: 2/4
  1717 | D:3      | Reached skill level 5 in Fighting
  2030 | D:3      | Reached skill level 5 in Armour
  2030 | D:3      | Reached skill level 5 in Shields
  2273 | D:3      | Found a runed translucent door.
  2274 | D:3      | Noticed Crazy Yiuf
  2330 | D:3      | Reached XP level 6. HP: 55/56 MP: 5/5
  2691 | D:3      | Killed Crazy Yiuf
  3407 | D:4      | Noticed Purgy
  3416 | D:4      | Killed Purgy
  3417 | D:4      | Reached skill level 5 in Axes
  3417 | D:4      | Reached XP level 7. HP: 56/62 MP: 6/6
  3556 | D:4      | Found a staircase to the Ecumenical Temple.
  3597 | D:4      | Found Lusicrum's Antique Armour Boutique.
  3613 | D:4      | Bought a smoking scale mail for 171 gold pieces
  4179 | D:4      | Identified the +5 scale mail of the Depths {Rampage rF+
                  | SInv} (You bought it in a shop on level 4 of the Dungeon)
  4215 | Temple   | Entered the Ecumenical Temple
  4392 | Temple   | Became a worshipper of Yredelemnul the Dark
  4433 | D:5      | Entered Level 5 of the Dungeon
  4446 | D:5      | Found a glowing golden altar of the Shining One.
  4604 | D:5      | Noticed Sigmund
  4625 | D:5      | Killed Sigmund
  4626 | D:5      | Reached XP level 8. HP: 71/71 MP: 7/7
  4632 | D:5      | Got a smoking rapier
  4635 | D:5      | Identified the +7 rapier of Instant Death {speed, *Drain
                  | MR+ Int+2 SInv} (You found it on level 5 of the Dungeon)
  4744 | D:5      | Reached * piety under Yredelemnul
  4774 | D:5      | Found a transporter.
  4814 | D:5      | Found a transporter.
  4814 | D:5      | Noticed pablito's ghost (novice OpTm)
  5235 | D:5      | Found Aluss's Antique Weapon Boutique.
  5295 | D:6      | Noticed Eustachio
  5325 | D:6      | Killed Eustachio
  5398 | D:6      | Reached XP level 9. HP: 53/81 MP: 8/8
  5581 | D:6      | Found Peek Utha's Distillery.
  5824 | D:6      | Killed from afar by a centaur

Illustrated notes

Levels and vault maps discovered:
D:1:      nzn_arrival_settlement, layout_basic, hangedman_decor_points,
          chequers_garden
D:2:      layout_loops_cross
D:3:      layout_basic, uniq_crazy_yiuf_cottage
D:4:      layout_cave_pools, minmay_temple_entry_crystal_x, serial_shops,
          nicolae_shop_waterfront, dk_noncrumbling_4, grunt_ministairs_6,
          lexackson_kobold_supper, uniq_purgy
D:5:      layout_basic, gammafunk_ghost_hive, serial_shops,
          kennysheep_little_box, nrook_mini_vaults,
          nicolae_tso_besieged_by_evil, uniq_sigmund
D:6:      layout_gridville, serial_shops, nicolae_shop_behind_doors,
          hangedman_decor_push, chequers_serial_rivers_large_b,
          kennysheep_generic_room_15, uniq_eustachio, uniq_blork_the_orc
Temple:   nicolae_temple_elliptical

Skill      XL: |  1  2  3  4  5  6  7  8  9 |
---------------+----------------------------+-----
Fighting       | 4 5 6 7 8 |  8.1
Shields        | 4 5 6 7 8 |  8.1
Armour         | 4 5 6 7 8 |  8.1
Axes           | 3 4 5 6 7 |  7.6

Action                   |  1- 3 |  4- 6 |  7- 9 || total
-------------------------+-------+-------+-------++-------
Melee: War axe           |    72 |   124 |   204 ||   400
       Headbutt          |     9 |    14 |    29 ||    52
  Use: Scroll            |       |     4 |     2 ||     6
       Potion            |       |     1 |     4 ||     5
Armor: Scale mail        |    45 |    52 |   105 ||   202
Dodge: Dodged            |    27 |    35 |    92 ||   154
Block: Kite shield       |    57 |    79 |   134 ||   270

Table legend: (Time is in decaauts)
 A = Elapsed time spent in this place.
 B = Non-inter-level travel time spent in this place.
 C = Inter-level travel time spent in this place.
 D = Time resting spent in this place.
 E = Time spent auto-exploring this place.
 F = Levels seen in this place.
 G = Mean time per level.
                   A        B        C        D        E       F      G
               +--------+--------+--------+--------+--------+-----+--------+
         Total |   5955 |   5632 |    323 |   1101 |   3528 |   7 |  850.7 |
       Dungeon |   5749 |   5487 |    262 |   1101 |   3386 |   6 |  958.2 |
        Temple |    205 |    144 |     61 |      0 |    142 |   1 |  205.0 |
               +--------+--------+--------+--------+--------+-----+--------+

Top non-repeatable levels by time:
     D:3: 1636 daAuts
     D:2: 1033 daAuts
     D:4: 959 daAuts
     D:5: 880 daAuts
     D:1: 695 daAuts
     D:6: 545 daAuts
  Temple: 205 daAuts
